 Dungeon Crawl Stone Soup version 0.26.1-11-gd32895ea62 (webtiles) character file.

Game seed: 6948241715018682764

320 Zeld the Sneak (level 6, 24/30 HPs)
             Began as a Spriggan Brigand on June 3, 2021.
             Quit the game on level 4 of the Dungeon.
             The game lasted 00:08:54 (11362 turns).

Zeld the Sneak (Spriggan Brigand)                  Turns: 11362, Time: 00:08:55

Health: 24/30      AC:  3    Str:  7    XL:     6   Next: 22%
Magic:  7/7        EV: 17    Int: 12    God:
Gold:   189        SH:  0    Dex: 20    Spells: 5/5 levels left

rFire    . . .     SeeInvis +   a - +2 dagger
rCold    . . .     Faith    .   (shield restricted)
rNeg     . . .     Spirit   .   b - +0 robe
rPois    .         Reflect  .   (helmet restricted)
rElec    .         Harm     .   c - +0 cloak
rCorr    .         Rampage  .   (gloves unavailable)
Will     +....                  (boots unavailable)
Stlth    +++.......             (no amulet)
HPRegen  0.10/turn              (no ring)
MPRegen  0.10/turn              (no ring)

@: quite poisoned (24 -> 15), very quick
A: very small, unfitting armour, see invisible, speed 3
a: no special abilities


You were on level 4 of the Dungeon.
You visited 1 branch of the dungeon, and saw 4 of its levels.

You collected 189 gold pieces.

Inventory:

Hand Weapons
 a - a +2 dagger (weapon)
Missiles
 d - 30 poisoned darts (quivered)
 e - 2 curare-tipped darts
Armour
 b - a +0 robe (worn)
 c - a +0 cloak (worn)
Jewellery
 i - an uncursed amulet of reflection {unknown}
 n - an uncursed ring of ice {unknown}
 s - an uncursed ring of wizardry {unknown}
 u - an uncursed ring of fire {unknown}
Scrolls
 g - 5 scrolls of identify {unknown}
 h - 4 scrolls of teleportation {unknown}
 j - 4 scrolls of fog {unknown}
 l - 3 scrolls of fear {unknown}
 p - a scroll of amnesia {unknown}
 q - a scroll of enchant weapon {unknown}
 r - 3 scrolls of remove curse {unknown}
 t - a scroll of magic mapping {unknown}
 w - 2 scrolls of blinking {unknown}
Potions
 f - 2 potions of heal wounds
 k - 2 potions of curing {unknown}
 m - a potion of berserk rage {unknown}
 o - 2 potions of flight {unknown}
 v - a potion of haste {unknown}


   Skills:
 - Level 1.5 Fighting
 * Level 5.3 Short Blades
 * Level 4.8 Throwing
 - Level 1.5 Dodging
 - Level 5.8 Stealth


You had 5 spell levels left.
You didn't know any spells.
Your spell library was empty.

Dungeon Overview and Level Annotations

Branches:
Dungeon (4/15)
 Temple: D:4-7

Altars:
Ashenzari
Nemelex Xobeh
Vehumet


Innate Abilities, Weirdness & Mutations

You are very small and have problems with some larger weapons.
You are too small for most types of armour.
You have supernaturally acute eyesight. (SInv)
You cover ground extremely quickly.


Message History

You feel sick.
You see here a hunting sling.
* * * LOW HITPOINT WARNING * * *
You feel sick.
There is a stone staircase leading up here.
It was a potion of heal wounds.
You feel much better.
You feel sick.
You feel sick. The worker ant completely misses you.
You hit the worker ant but do no damage.
The worker ant is moderately wounded.
You feel sick.
You hit the worker ant but do no damage.
The worker ant is moderately wounded.
The worker ant barely misses you.
You barely miss the worker ant.
The worker ant is moderately wounded.
You feel sick. The worker ant closely misses you.
You hit the worker ant but do no damage.
The worker ant is moderately wounded.
The worker ant misses you.
Are you sure you want to abandon this character and quit the game? (Confirm with "yes".)

####.#.###......[........#
#.......####.....#
#.#.##.####.#...#.##
#.#.##.# #.##...##.#
#####.#.##.# #.#...#.##
......#.##.# #.....#
####.......######...##
####.##.#.......B).####
##.......<......@.....####
##.#.###........<.....##.##
...#.#
#..#...........#...##
.....#
#..#......#.........#
###### #..#........#..#...#
# #..............##.#### #
##.......##.##.......# #
###.######.##..<....# #.#
###.##.......###


You could see a worker ant.

Vanquished Creatures
  A bullfrog (D:2)
  A scorpion (D:4)
  An orc priest (D:3)
  Crazy Yiuf (D:2)
  An iguana (D:3)
  4 adders (D:3)
  2 oozes (D:2)
  A worm (D:3)
  3 leopard geckos
  6 orcs
  7 giant cockroaches
  4 goblins
  6 hobgoblins
  6 jackals
  5 kobolds
  A quokka (D:3)
  2 ball pythons (D:2)
  6 bats
  A frilled lizard (D:1)
  8 rats
67 creatures vanquished.

Notes
Turn   | Place    | Note
-------+----------+-------------------------------------------
     0 | D:1      | Zeld the Spriggan Brigand began the quest for the Orb.
     0 | D:1      | Reached XP level 1. HP: 10/10 MP: 2/2
   234 | D:1      | Reached XP level 2. HP: 2/14 MP: 3/3
  1888 | D:2      | Found a broken altar of Ashenzari.
  1939 | D:2      | Reached XP level 3. HP: 18/18 MP: 4/4
  2153 | D:2      | Found a sparkling altar of Nemelex Xobeh.
  2338 | D:2      | Noticed a bullfrog
  3509 | D:2      | Found a runed translucent door.
  3510 | D:2      | Noticed Crazy Yiuf
  5101 | D:2      | Found a broken altar of Ashenzari.
  5237 | D:2      | Killed a bullfrog
  5238 | D:2      | Reached XP level 4. HP: 13/22 MP: 5/5
  5419 | D:2      | Found a sparkling altar of Nemelex Xobeh.
  5543 | D:2      | Killed Crazy Yiuf
  6000 | D:3      | Reached XP level 5. HP: 25/25 MP: 6/6
  7643 | D:3      | Found a radiant altar of Vehumet.
  9455 | D:3      | Found a radiant altar of Vehumet.
  9645 | D:3      | Reached skill level 5 in Short Blades
  9985 | D:3      | Found a radiant altar of Vehumet.
 10076 | D:4      | Reached XP level 6. HP: 21/30 MP: 7/7
 11362 | D:4      | Quit the game

Illustrated notes

Levels and vault maps discovered:
D:1:      saegor_arrival_miasma, layout_basic, chequers_serial_rivers_marsh
D:2:      layout_basic, ashenzari_conservatory_becter,
          kennysheep_decorative_pillar, nemelex_dance_club_becter,
          uniq_crazy_yiuf_cottage
D:3:      layout_rooms, nicolae_overflow_crystal_walls
D:4:      layout_loops_cross, gammafunk_temple_overflow_forgotten, temple_green,
          serial_shops, shop, kennysheep_generic_room_3

Skill      XL: |  1  2  3  4  5 |
---------------+----------------+-----
Short Blades   | 3 4 5 |  5.3
Throwing       | 3 4 |  4.8
Fighting       | |  1.5
Dodging        | |  1.5
Stealth        | |  5.8

Action                   |  1- 3 |  4- 6 || total
-------------------------+-------+-------++-------
Melee: Dagger            |   126 |   264 ||   390
Throw: Dart              |     8 |    13 ||    21
  Use: Potion            |       |     1 ||     1
 Stab: Sleeping          |    12 |    10 ||    22
Armor: Robe              |    14 |    23 ||    37
Dodge: Dodged            |    87 |   178 ||   265
